 Seeded DCSS version 0.31-a0-4-gefa6de2278 (webtiles) character file.

Game seed: 2122283489254455534 (custom seed)

165 Pimp the Firebug (level 5, -7/38 HPs)
             Began as a Draconian Fire Elementalist on May 4, 2023.
             Splashed by a jelly's acid (11 damage)
             ... on level 4 of the Dungeon.
             The game lasted 00:06:42 (2357 turns).

Pimp the Firebug (Draconian Fire Elementalist)      Turns: 2357, Time: 00:06:42

Health: -7/38      AC:  1    Str: 10    XL:     5   Next: 21%
Magic:  3/9        EV: 12    Int: 17    God:
Gold:   1485       SH:  0    Dex: 12    Spells: 6/9 levels left

rFire   . . .        i - +0 double sword (protect)
rCold   . . .        (no shield)
rNeg    . . .        (body armour unavailable)
rPois   +            (helmet restricted)
rElec   .            (no cloak)
rCorr   .            (no gloves)
SInv    .            f - +0 pair of boots
Will    .....        j - amulet of regeneration
Stlth   ++           r - ring of poison resistance
HPRegen 1.06/turn    (no ring)
MPRegen 0.11/turn

%: no passive effects
@: weakened, corroded, under a protective aura
A: AC +5, unfitting armour, cold-blooded
a: no special abilities


You were on level 4 of the Dungeon.
You visited 1 branch of the dungeon, and saw 4 of its levels.

You collected 1485 gold pieces.

Inventory:

Hand Weapons
 c - a +0 spear
 h - a +0 hand axe
 i - a +0 double sword of protection (weapon)
Armour
 f - a +0 pair of boots (worn)
Jewellery
 j - an amulet of regeneration (around neck)
 r - a ring of poison resistance (left hand)
Scrolls
 b - a scroll of immolation
 k - a scroll of teleportation {unknown}
Potions
 a - 2 potions of magic
 d - 2 potions of degeneration
 g - a potion of heal wounds
 l - a potion of might
 m - a potion of flight
 n - 2 potions of berserk rage {unknown}
 p - a potion of mutation {unknown}
 q - 2 potions of brilliance {unknown}


   Skills:
 + Level 1.0 Long Blades
 - Level 1.0 Axes
 + Level 2.5 Dodging
 + Level 2.6 Stealth
 + Level 2.7 Spellcasting
 + Level 2.2 Conjurations
 + Level 3.6 Fire Magic


You had 6 spell levels left.
You knew the following spells:

 Your Spells              Type           Power      Damage    Failure   Level
a - Foxfire               Conj/Fire      48%        2x1d6     5%          1
b - Scorch                Fire           28%        2d6       6%          2

Your spell library contained the following spells:

 Spells                   Type           Power      Damage    Failure   Level
 Momentum Strike          Conj/Tloc      12%        3d8       17%         2
 Blink                    Tloc           4%         N/A       26%         2
 Lesser Beckoning         Tloc           4%         N/A       26%         2
 Inner Flame              Hex/Fire       8%         N/A       26%         3
 Volatile Blastmotes      Fire/Tloc      16%        2d11      26%         3
 Flame Wave               Conj/Fire      12%        2d6       47%         4
 Summon Cactus Giant      Summ           1%         N/A       100%        6


Dungeon Overview and Level Annotations

Branches:
Dungeon (4/15)
 Temple: D:4-7

Altars:
Fedhas
Uskayaw


Innate Abilities, Weirdness & Mutations

Your plain brown scales are hard. (AC +5)
You cannot fit into any form of body armour.
You are cold-blooded and may be slowed by cold attacks.


Message History

The gnoll barely misses you. The gnoll closely misses you.
The gnoll bouda gazes fiercely through you!
You feel your attacks grow feeble. The gnoll closely misses you.
The gnoll bouda barks out a call to the hunt!
The gnolls pick up the pace!
The gnoll misses you.
You barely miss the gnoll.
The gnoll is almost dead.
The gnoll closely misses you. The gnoll misses you.
You hit the gnoll.
You kill the gnoll!
The gnoll hits you but does no damage.
The gnoll hits you from afar with a +0 spear.
The jelly hits you but does no damage.
Your Long Blades skill increases to level 1!
You slash the jelly!
Your hands burn!
The jelly is heavily wounded.
The gnoll closely misses you. The jelly barely misses you.
You hit the jelly but do no damage.
Your hands burn!
The jelly is heavily wounded.
The gnoll hits you but does no damage. The jelly hits you but does no damage.
The gnoll misses you.
You hit the jelly. The acid corrodes you!
Your hands burn!
The jelly is severely wounded.
Your attacks no longer feel as feeble.
The gnoll bouda gazes fiercely through you!
You feel your attacks grow feeble. The jelly hits you but does no damage.
The gnoll hits you from afar with a +0 spear.
The jelly hits you but does no damage.
You hit the jelly but do no damage. The acid corrodes you!
Your hands burn!
The jelly is severely wounded.
The gnoll hits you from afar with a +0 spear.
The gnoll hits you from afar with a +0 spear!
* * * LOW HITPOINT WARNING * * *
The jelly hits you.
* * * LOW HITPOINT WARNING * * *
The acid corrodes you!
You are splashed with acid!
You die...

#......+.....#........#.......
#......#.....#....°☼○.#.......
#......#.....#..○°☼.°.#.......
#####....##.....#°.°.°...#.....
...##....##...###.○..☼g..#...#
...#.....##...#...○○.##'##...##..
...#.....'....#○☼☼g..#...gg......
...#.....#....#.g.g..#..g.)......
...########...#°@J○.○#......J....
..........#...+.○☼°..#...........
###.......#...#.☼°...#...........
..#.......'...#°.°.☼.#.......##.)
..#.......#####.☼☼☼.°#.......# .
..'...........○○..○☼.#........
###...........☼#######.........
#..[.........○.+ #..............#


You could see a gnoll bouda, a jelly, 2 gnolls and a hobgoblin.

Vanquished Creatures
  A jelly (D:4)
  2 gnolls (D:4)
  5 adders
  3 worms
  2 orcs (D:3)
  6 ball pythons
  5 endoplasms
  3 giant cockroaches
  4 goblins
  3 hobgoblins
  5 jackals
  6 quokkas
  5 bats
  3 frilled lizards
  2 kobolds (D:1)
  6 rats
61 creatures vanquished.

Vanquished Creatures (others)
  32 foxfires
  A plant (D:2)
33 creatures vanquished.

Grand Total: 94 creatures vanquished

Notes
Turn   | Place    | Note
-------+----------+-------------------------------------------
     0 | D:1      | Pimp the Draconian Fire Elementalist began the quest for
                  | the Orb.
     0 | D:1      | Reached XP level 1. HP: 14/14 MP: 3/3
   151 | D:1      | Reached XP level 2. HP: 12/20 MP: 1/5
   190 | D:1      | Learned a level 2 spell: Scorch
   883 | D:2      | Reached XP level 3. HP: 26/26 MP: 1/6
  1225 | D:2      | Reached XP level 4. HP: 31/33 MP: 2/7
  1610 | D:3      | Identified a scroll of acquirement
  1610 | D:3      | Acquired 1258 gold pieces
  1752 | D:3      | Reached skill level 1 in Axes
  1794 | D:3      | Acquired a +0 double sword of protection
  1894 | D:3      | Found a blossoming altar of Fedhas.
  1894 | D:3      | Found a hide-covered altar of Uskayaw.
  2139 | D:3      | Reached XP level 5. HP: 38/38 MP: 2/9
  2354 | D:4      | Reached skill level 1 in Long Blades
  2357 | D:4      | Splashed by a jelly's acid

Illustrated notes

Levels and vault maps discovered:
D:1:      denvon_arrival_waterhouse, layout_basic
D:2:      layout_rooms, serial_forest, infiniplex_forest_clump_double,
          infiniplex_forest_straight_4, infiniplex_forest_zigzag_1,
          infiniplex_forest_lined_2, infiniplex_forest_zigzag_1,
          infiniplex_forest_straight_3, minmay_circle_x
D:3:      layout_rooms, gammafunk_temple_overflow_wave, kennysheep_another_room
D:4:      layout_gridville, minmay_shop_damaged

Skill      XL: |  1  2  3  4  5 |
---------------+----------------+-----
Stealth        | 2 |  2.6
Dodging        | 2 |  2.5
Axes           | 1 |  1.0
Conjurations   | 2 |  2.2
Long Blades    | 1 |  1.0
Spellcasting   | |  2.7
Fire Magic     | |  3.6

Action                     |  1- 3 |  4- 6 || total
---------------------------+-------+-------++-------
  Melee: Spear             |    48 |       ||    48
         Tailslap          |    12 |     6 ||    18
         Hand axe          |    32 |    25 ||    57
         Double sword      |       |    54 ||    54
   Cast: Foxfire           |    16 |     3 ||    19
         Scorch            |     8 |    13 ||    21
    Use: Scroll            |       |    11 ||    11
   Stab: Sleeping          |     3 |     2 ||     5
 Armour: Skin              |    41 |    89 ||   130
  Dodge: Dodged            |    75 |   138 ||   213

Table legend: (Time is in decaauts)
 A = Elapsed time spent in this place.
 B = Non-inter-level travel time spent in this place.
 C = Inter-level travel time spent in this place.
 D = Time resting spent in this place.
 E = Time spent auto-exploring this place.
 F = Levels seen in this place.
 G = Mean time per level.
                   A        B        C        D        E       F      G
               +--------+--------+--------+--------+--------+-----+--------+
         Total |   2402 |   2322 |     80 |    234 |   1366 |   4 |  600.5 |
       Dungeon |   2402 |   2322 |     80 |    234 |   1366 |   4 |  600.5 |
               +--------+--------+--------+--------+--------+-----+--------+

Top non-repeatable levels by time:
     D:1: 888 daAuts
     D:2: 723 daAuts
     D:3: 529 daAuts
     D:4: 260 daAuts
